 Dungeon Crawl Stone Soup version 0.20-a0-1006-ge6c5631 (webtiles) character file.

244 Klosterheim the Slasher (level 6, 47/47 HPs)
             Began as a Bultungin Skald on Apr 12, 2017.
             Quit the game on level 3 of the Dungeon on Apr 13, 2017.
             The game lasted 00:07:29 (4223 turns).

Klosterheim the Slasher (Bultungin Skald)           Turns: 4223, Time: 00:07:30

Health: 47/47      AC: 10    Str: 12    XL:     6   Next: 10%
Magic:  10/10      EV: 10    Int: 13    God:
Gold:   62         SH:  0    Dex: 14    Spells: 10/11 levels left

rFire    . . .     SeeInvis +   a - +0 falchion
rCold    . . .     Gourm    .   (no shield)
rNeg     . . .     Faith    .   t - +3 scale mail {rPois}
rPois    +         Spirit   .   m - +0 helmet
rElec    .         Reflect  .   (no cloak)
rCorr    .         Harm     .   (no gloves)
MR       .....                  (no boots)
Stlth    ..........             (no amulet)
Regen    0.2/turn               (no ring)
MPRegen  0.2/turn               (no ring)

@: no status effects
A: short attention span, fangs 1, see invisible, strong nose
a: no special abilities


You were on level 3 of the Dungeon.
You were not hungry.

You visited 1 branch of the dungeon, and saw 3 of its levels.
You also visited: Sewer.

You collected 62 gold pieces.

Inventory:

Hand Weapons
 a - a +0 falchion (weapon)
Armour
 b - a +0 leather armour
 m - a +0 helmet (worn)
 o - a +0 scale mail
 t - a +3 scale mail of poison resistance (worn)
Wands
 s - a wand of flame (11/48)
Scrolls
 e - 2 scrolls of recharging {unknown}
 g - a scroll of blinking {unknown}
 i - 4 scrolls of teleportation {unknown}
 j - 4 scrolls of identify {unknown}
 k - a scroll of amnesia {unknown}
 l - 2 scrolls of remove curse {unknown}
 q - a scroll of fear {unknown}
Potions
 h - 2 potions of might
 n - 5 potions of heal wounds {unknown}
 r - 6 potions of curing {unknown}
Books
 c - a book of Battle

   Spells                             Type                      Level
   a - Infusion                       Charms                       1
   b - Shroud of Golubria             Charms/Translocation         2
   c - Song of Slaying                Charms                       2
   d - Spectral Weapon                Hexes/Charms                 3
   e - Regeneration                   Charms/Necromancy            3
Comestibles
 d - 3 bread rations
 f - a royal jelly
 p - 4 chunks of flesh


   Skills:
 - Level 3.0 Fighting
 - Level 7.2 Long Blades
 - Level 1.5 Armour
 - Level 3.0 Dodging
 - Level 3.2 Spellcasting
 * Level 6.7 Charms


You had 10 spell levels left.
You knew the following spells:

 Your Spells              Type           Power        Failure   Level  Hunger
a - Infusion              Chrm           ###.         10%         1    #......


Dungeon Overview and Level Annotations

Branches:
Dungeon (3/15)

Altars:


Innate Abilities, Weirdness & Mutations

You have a short attention span.
You have very sharp teeth.
You have supernaturally acute eyesight. (SInv)
Your uncanny sense of smell can sniff out nearby items.


Message History

You completely miss the rat. The rat barely misses you.
You hit the rat.
The rat is moderately wounded.
The rat bites you but does no damage.
You hit the rat.
You kill the rat!
No target in view!
No target in view!
Done exploring.
Done exploring.
Done exploring.
Done exploring.
Done exploring.
Done exploring.
Welcome back, Klosterheim the Bultungin Skald.
Press ? for a list of commands and other information.
Done exploring.
Quiver which item? (- for none, * to show all) (? for menu, Esc to quit)
Okay, then.
Are you sure you want to abandon this character and quit the game? (Confirm with "yes".)

#..)......≈≈≈.≈
####...####.≈≈≈≈≈≈
#.........#.#≈≈≈≈≈
#.###.###.#...≈≈≈≈
#.# #.# #.##..#...
#.###.###.###.....
#.##.#.##.# ####..
#.###.##..# ##...
#@###.#...####....
#............+...<
#####.#...####....
#.##.## ##...
#.#### ##.. #.#
##. #)# ## ##)## #
#.))###### #


There were no monsters in sight!

Vanquished Creatures
  An orc priest (D:3)
  Jessica (D:3)
  Ijyb (D:3)
  Robin (D:1)
  4 adders
  An ooze (D:1)
  A worm (D:3)
  A dart slug (D:1)
  2 leopard geckos
  7 orcs (D:3)
  2 giant cockroaches
  16 goblins
  6 hobgoblins
  16 jackals
  2 ball pythons (Sewer)
  9 bats
  11 frilled lizards
  11 kobolds
  6 rats
  2 plants (Sewer)
101 creatures vanquished.

Notes
Turn   | Place    | Note
-------+----------+-------------------------------------------
     0 | D:1      | Klosterheim the Bultungin Skald began the quest for the Orb.
     0 | D:1      | Reached XP level 1. HP: 18/18 MP: 4/4
   260 | D:1      | Reached skill level 4 in Long Blades
   260 | D:1      | Reached XP level 2. HP: 9/24 MP: 6/6
   831 | D:1      | Reached XP level 3. HP: 21/29 MP: 7/7
   875 | D:1      | Reached skill level 5 in Long Blades
  1153 | D:2      | Noticed Robin
  1470 | D:1      | Killed Robin
  1567 | D:2      | Reached skill level 6 in Long Blades
  1570 | D:2      | Reached XP level 4. HP: 30/35 MP: 0/8
  2268 | D:3      | Found a glowing drain.
  2277 | Sewer    | Entered a sewer
  2341 | Sewer    | Reached skill level 7 in Long Blades
  2656 | Sewer    | Reached XP level 5. HP: 26/41 MP: 5/9
  3099 | D:3      | Reached skill level 5 in Charms
  3442 | D:3      | Noticed Jessica
  3442 | D:3      | Noticed Ijyb
  3453 | D:3      | Killed Jessica
  3474 | D:3      | Killed Ijyb
  4076 | D:3      | Reached XP level 6. HP: 43/47 MP: 6/10
  4223 | D:3      | Upgraded the game from 0.20-a0-1000-g0e8f6bb to 0.20-a0-1006-ge6c5631
  4223 | D:3      | Quit the game

Vault maps used:
D:1:      lightli_arrival_noodles
D:2:      first_bread, uniq_robin
D:3:      cheibrodos_sewer_entry_drain, minivault_25, uniq_jessica, uniq_iyjb
Sewer:    sewer_co_scattered_pipes

Skill      XL: |  1  2  3  4  5 |
---------------+----------------+-----
Long Blades    | 4 6 7 |  7.2
Charms         | 6 |  6.7
Fighting       | |  3.0
Armour         | |  1.5
Dodging        | |  3.0
Spellcasting   | |  3.2

Action                   |  1- 3 |  4- 6 || total
-------------------------+-------+-------++-------
Melee: Falchion          |   108 |   301 ||   409
       Bite              |     7 |    33 ||    40
 Cast: Infusion          |     7 |     6 ||    13
  Eat: Chunk             |     2 |    10 ||    12
Armor: Leather armour    |    35 |    26 ||    61
       Scale mail        |       |    79 ||    79
Dodge: Dodged            |    77 |   142 ||   219
       Rpst.: Falchion   |    22 |    50 ||    72
